 Dungeon Crawl Stone Soup version 0.25-a0-843-g6944ee31a2 (webtiles) character file.

Game seed: 17556643404524007195, levelgen mode: deterministic

42 Esekla the Ducker (level 3, -1/16 HPs)
             Began as a Felid Skald on Apr 25, 2020.
             Slain by Ijyb (3 damage)
             ... on level 3 of the Dungeon.
             The game lasted 00:07:44 (1609 turns).

Esekla the Ducker (Felid Skald)                     Turns: 1609, Time: 00:07:45

Health: -1/16      AC:  1    Str:  7    XL:     3   Next: 35%
Magic:  3/7        EV: 19    Int: 15    God:
Gold:   90         SH:  0    Dex: 15    Spells: 4/7 levels left
                                        Lives:  0   Deaths: 0

rFire    . . .     SeeInvis +     - Unarmed
rCold    . . .     Gourm    .   (shield unavailable)
rNeg     . . .     Faith    .   (armour unavailable)
rPois    .         Spirit   .   (helmet unavailable)
rElec    .         Reflect  .   (cloak unavailable)
rCorr    .         Harm     .   (gloves unavailable)
MR       .....                  (boots unavailable)
Stlth    ++........             (no amulet)
HPRegen  0.05/turn              (no ring)
MPRegen  0.10/turn              (no ring)

@: quick
A: very small, no armour, no weapons or thrown items, stealth, claws 1, fangs 3,
see invisible, carnivore, speed 1, shaggy fur 1, slow metabolism 1, sharp paws
a: no special abilities


You were on level 3 of the Dungeon.
You were full.

You visited 1 branch of the dungeon, and saw 3 of its levels.

You collected 90 gold pieces.

Inventory:

Scrolls
 a - 2 scrolls of immolation {unknown}
 d - 2 scrolls of teleportation {unknown}
 f - a scroll of magic mapping {unknown}
 g - a scroll of amnesia {unknown}
 h - a scroll of noise {unknown}
 i - a scroll of remove curse {unknown}
 k - a scroll of identify {unknown}
Potions
 c - a potion of resistance {unknown}
 e - a potion of stabbing {unknown}
 j - a potion of curing {unknown}
 l - a potion of degeneration {unknown}
Comestibles
 b - 3 rations


   Skills:
 - Level 2.0 Fighting
 * Level 4.5 Dodging
 + Level 0.6 Stealth
 + Level 2.3 Unarmed Combat
 * Level 2.5 Spellcasting
 - Level 3.6 Charms


You had 4 spell levels left.
You knew the following spells:

 Your Spells              Type           Power        Failure   Level  Hunger
a - Infusion              Chrm           ##..         4%          1    #......
b - Shroud of Golubria    Chrm/Tloc      #.....       16%         2    ###....

Your spell library contained the following spells:

 Spells                   Type           Power        Failure   Level  Hunger
 Song of Slaying          Chrm           ##......     7%          2    ###....
 Ozocubu's Armour         Chrm/Ice       #.......     30%         3    ###....
 Spectral Weapon          Hex/Chrm       Unusable     N/A         3    N/A

Dungeon Overview and Level Annotations

Branches:
Dungeon (3/15)

Altars:

Annotations:
D:3 Ijyb


Innate Abilities, Weirdness & Mutations

You cannot wear armour.
You are incapable of wielding weapons or throwing items.
Your paws allow you to move quietly. (Stealth)
You have sharp claws.
You have razor-sharp teeth.
You have supernaturally acute eyesight. (SInv)
You are carnivorous and can eat meat at any time.
You cover ground quickly.
You are covered in fur. (AC +1)
You have a slow metabolism.
Your sharp claws are effective at attacking unaware monsters.


Message History

Ijyb closely misses you.
You closely miss Ijyb.
Ijyb is heavily wounded.
Ijyb hits you.
* * * LOW HITPOINT WARNING * * *
You barely miss Ijyb.
Ijyb is heavily wounded.
Ijyb barely misses you.
You scratch Ijyb. You bite Ijyb, but do no damage.
Ijyb is severely wounded.
Ijyb screams, "Die!"
Ijyb hits you.
* * * LOW HITPOINT WARNING * * *
You scratch Ijyb but do no damage.
Ijyb is severely wounded.
Ijyb misses you.
You barely miss Ijyb.
Ijyb is severely wounded.
Ijyb hits you.
You die...

.#########
#.....#
...<.....#
#.[...#
.........#
#.....#
.........#
#.....#
.#########
#.....# .#
#.....# .#
#.# .# #g#
.#
#########@#
..........#
###########


You could see Ijyb.

Vanquished Creatures
  An adder (D:3)
  An orc (D:3)
  2 bats
  2 giant cockroaches
  7 goblins
  5 hobgoblins
  4 kobolds
  A quokka (D:2)
  A frilled lizard (D:1)
  6 rats
30 creatures vanquished.

Notes
Turn   | Place    | Note
-------+----------+-------------------------------------------
     0 | D:1      | Esekla the Felid Skald began the quest for the Orb.
     0 | D:1      | Reached XP level 1. HP: 9/9 MP: 4/4
    86 | D:1      | Reached XP level 2. HP: 13/13 MP: 0/6
   156 | D:1      | Reached skill level 4 in Dodging
   294 | D:2      | Learned a level 2 spell: Shroud of Golubria
   904 | D:3      | Reached XP level 3. HP: 8/16 MP: 2/7
  1528 | D:2      | You fall into a shaft and drop 1 floor!
  1567 | D:3      | Noticed Ijyb
  1609 | D:3      | Slain by Ijyb

Levels and vault maps discovered:
D:1:      tarquinn_simple_flora_water_a, layout_rooms, tso_altar
D:2:      layout_basic, marbit_many_paths
D:3:      layout_basic, old_standard_altar, uniq_ijyb

Skill      XL: |  1  2 |
---------------+-------+-----
Dodging        | 4 |  4.5
Fighting       | |  2.0
Stealth        | |  0.6
Unarmed Combat | |  2.3
Spellcasting   | |  2.5
Charms         | |  3.6

Action                   || total
-------------------------++-------
Melee: Unarmed           ||   105
       Bite              ||     8
       Punch             ||     1
 Cast: Infusion          ||    11
       Shroud of Golubri ||     2
 Stab: Sleeping          ||     2
  Eat: Chunk             ||     5
Armor: Skin              ||     3
Dodge: Dodged            ||    69

Table legend:
 A = Non-vault XP
 B = Vault XP
 C = Vault XP percentage of total XP
 D = Non-vault monster count
 E = Vault monster count
 F = Vault count percentage of total count
                 A         B        C        D         E       F
            +---------+---------+-------+---------+---------+-------
      Total |      61 |       0 |   0.0 |      30 |       0 |   0.0
            +---------+---------+-------+---------+---------+-------
        D:1 |      22 |       0 |   0.0 |      14 |       0 |   0.0
        D:2 |      11 |       0 |   0.0 |       7 |       0 |   0.0
        D:3 |      28 |       0 |   0.0 |       9 |       0 |   0.0
            +---------+---------+-------+---------+---------+-------
